 Dungeon Crawl Stone Soup version 0.28.0-45-g0d030f2227 (webtiles) character file.

Game seed: 9446853671364692694

1171 MalarOregon the Skirmisher (level 8, -1/68 HPs)
             Began as a Palentonga Fighter on Apr 20, 2022.
             Was a Follower of the Shining One.
             Slain by Duvessa
             ... wielding a +0 short sword
              (7 damage)
             ... on level 5 of the Dungeon.
             The game lasted 00:12:43 (6032 turns).

MalarOregon the Skirmisher (Palentonga Fighter)     Turns: 6032, Time: 00:12:44

Health: -1/68      AC: 21    Str: 22    XL:     8   Next: 18%
Magic:  5/8        EV:  4    Int:  8    God:    the Shining One [*.....]
Gold:   277        SH: 14    Dex: 10    Spells: 7/7 levels left

rFire   . . .      SeeInvis +   a - +3 flail (holy)
rCold   . . .      Faith    .   q - +0 kite shield
rNeg    . . .      Spirit   .   r - +0 chain mail
rPois   .          Reflect  .   o - +0 helmet
rElec   +          Harm     .   u - +0 cloak
rCorr   .          Rampage  .   e - +2 pair of gloves "Edde Cyo" {rElec Regen+}
Will    .....                   (no barding)
Stlth   ..........              (no amulet)
HPRegen 1.01/turn               (no ring)
MPRegen 0.11/turn               (no ring)

@: divinely shielded, glowing, curled up
A: large, rugged brown scales 3, see invisible, deformed body, roll 1, armoured
tail, reflexive curl
a: Rolling Charge, Renounce Religion, Divine Shield


You were on level 5 of the Dungeon.
You worshipped the Shining One.
The Shining One was aware of your devotion.
You visited 1 branch of the dungeon, and saw 5 of its levels.

You collected 277 gold pieces.


Innate Abilities, Weirdness & Mutations

You are completely covered in rugged brown scales. (AC +3, +7% HP)
You have supernaturally acute eyesight. (SInv)
Armour fits poorly on your strangely shaped body.
You can roll at nearby foes to attack.
You have a long armoured tail.
You curl defensively after being hit. (AC +7*)


   Skills:
 + Level 5.7 Fighting
 + Level 5.2 Maces & Flails
 + Level 4.7 Armour
 + Level 4.7 Shields


You had 7 spell levels left.
You didn't know any spells.
Your spell library contained the following spells:

 Spells                   Type           Power      Damage    Failure   Level
 Ensorcelled Hibernation  Hex/Ice        0%         N/A       100%        2
 Passwall                 Tmut/Erth      0%         N/A       100%        2
 Call Canine Familiar     Summ           0%         N/A       100%        3
 Portal Projectile        Hex/Tloc       0%         N/A       100%        3
 Swiftness                Air            0%         N/A       100%        3
 Leda's Liquefaction      Hex/Erth       0%         N/A       100%        4
 Statue Form              Tmut/Erth      0%         N/A       100%        6
 Lehudib's Crystal Spear  Conj/Erth      0%         10d2      100%        8

Inventory:

Hand Weapons
 a - a +3 flail of holy wrath (weapon)
   (You took it off Edmund on level 5 of the Dungeon)
Armour
 e - the +2 pair of gloves "Edde Cyo" (worn) {rElec Regen+}
   (You found it on level 5 of the Dungeon)

   rElec:     It insulates you from electricity.
   Regen:     It increases your rate of health regeneration.
 o - a +0 helmet (worn)
   (You took it off Robin on level 3 of the Dungeon)
 q - a +0 kite shield (worn)
   (You found it on level 4 of the Dungeon)
 r - a +0 chain mail (worn)
   (You took it off Ijyb on level 3 of the Dungeon)
 u - a +0 cloak (worn)
   (You found it on level 4 of the Dungeon)
Wands
 d - a wand of iceblast (10)
   (You took it off Ijyb on level 3 of the Dungeon)
 i - a wand of polymorph (9)
   (You took it off an orc priest on level 5 of the Dungeon)
 t - a wand of flame (13)
   (You found it on level 3 of the Dungeon)
Scrolls
 b - a scroll of summoning {unknown}
 c - a scroll of amnesia
 g - 2 scrolls of identify {@r1}
 k - a scroll of vulnerability {unknown}
 l - 3 scrolls of noise {!r}
 m - a scroll of enchant weapon
 n - a scroll of silence {unknown}
 s - a scroll of immolation {unknown}
Potions
 f - 2 potions of brilliance
 h - a potion of attraction {!q}
 p - 2 potions of heal wounds {@q2}

Dungeon Overview and Level Annotations

Branches:
Dungeon (5/15)
 Temple: D:4-7

Altars:
Dithmenos
Hepliaklqana
Uskayaw
Vehumet
Wu Jian
Xom
The Shining One

Shops:
D:2 [   D:4 [

Annotations:
D:5 Duvessa

#.#.......## #.####.#### ### #.#
,* #.# ,** #.# ###***### ,,* #.#
#..,,,..# ,,****,* #.#***#.#
,,,,****######.#####.#
,,,,,,**#......e@.##.#
*8,,,,,_######.##.##.#
,,,,,,*#######.##.##.###########
,,,,***#.......................#
..*** #..#####.#...#####.##.#.#
..* *...(.##.####### #.##.#.#
.##### *#.##.##.......# #.##...#
.#...####.##.##.......# #.###..#
##.....##.............# #.###..#


You could see Duvessa (berserk).


Message History

There is a stone staircase leading up here.
You hear a shout!
You hear a shout!
You hear a shout!
You hear a shout!
You hear a shout!
You hear a shout!
You hear a shout!
You hear a shout!
You see here a +0 dagger.
You hear a shout!
You hear a shout!
You hear a shout! x2
You hear a shout!
You see here a +0 dagger.
You hear a shout!
You hear a shout!
You hear a shout!
You hear a shout!
You hear a shout!
You hear a shout!
You hear a shout!
You hear a shout!
You hear a shout!
You hear a shout!
You hear a shout!
You hear a shout! x2
You hear a shout!
You hear a shout!
You hear a shout!
You hear a shout!
There is a stone staircase leading up, spattered with blood here.
You see here a +0 war axe.
You hear a shout! x2
You hear a shout!
You see here a +0 war axe.
There is a stone staircase leading up, spattered with blood here.
You hear a shout!
You hear a shout!
You hear a shout!
There is a stone staircase leading up here.
You hear a shout!
You hear a shout!
You hear a shout!
You hear a shout!
Things that are here:
a +0 dagger; a +1 robe of the Archmagi You hear a shout!
You hear a shout!
You hear a shout!
You hear a shout!
You hear a shout!
You hear a shout! x2
You hear a shout! x2
You hear a shout!
You hear a shout!
You hear a shout!
You hear a shout!
You hear a shout!
You hear a shout!
You hear a shout!
There is a stone staircase leading down here.
You hear a shout!
You hear a shout!
The ogre shouts!
You hear a shout!
Duvessa shouts!
You see here 14 stones.
The ogre hits you with a +0 giant club!
You see here 14 stones.
You sock the ogre!
Duvessa rages.
The ogre hits you with a +0 giant club!
You sock the ogre! The ogre hits you but does no damage.
You hit the ogre. The ogre hits you with a +0 giant club!
You thump the ogre!
You kill the ogre!
Duvessa rages.
You block Duvessa's attack.
You fail to use your ability.
Duvessa hits you but does no damage. Duvessa barely misses you.
You fail to use your ability.
You block Duvessa's attack.
You fail to use your ability.
Duvessa hits you but does no damage. Duvessa hits you with a +0 short sword.
Your shield is strengthened by the Shining One's divine power.
You block Duvessa's attack.
You hit Duvessa. You block Duvessa's attack.
Duvessa hits you with a +0 short sword!
* * * LOW HITPOINT WARNING * * *
You barely miss Duvessa. You tail-slap Duvessa.
Duvessa hits you but does no damage. Duvessa hits you with a +0 short sword!
* * * LOW HITPOINT WARNING * * *
You hit Duvessa. Duvessa hits you with a +0 short sword.
* * * LOW HITPOINT WARNING * * *
Duvessa hits you but does no damage.
You barely miss Duvessa. Duvessa hits you with a +0 short sword!
* * * LOW HITPOINT WARNING * * *
You block Duvessa's attack.
You hit Duvessa. You tail-slap Duvessa. Duvessa hits you with a +0 short sword!
You die...

Skill      XL: |  1  2  3  4  5  6  7  8 |
---------------+-------------------------+-----
Shields        | 3 4 |  4.7
Armour         | 3 4 |  4.7
Maces & Flails | 3 4 5 |  5.2
Fighting       | 4 5 |  5.7

Action                   |  1- 3 |  4- 6 |  7- 9 || total
-------------------------+-------+-------+-------++-------
Melee: Flail             |   132 |   168 |    90 ||   390
       Tailslap          |     7 |    13 |     7 ||    27
Invok: Divine Shield     |       |       |     1 ||     1
 Abil: Rolling Charge    |       |     7 |     4 ||    11
  Use: Potion            |       |     5 |       ||     5
       Scroll            |       |       |    10 ||    10
Armor: Scale mail        |    84 |    71 |       ||   155
       Chain mail        |       |    25 |    45 ||    70
Dodge: Dodged            |    57 |    58 |    17 ||   132
Block: Buckler           |    32 |    39 |     6 ||    77
       Kite shield       |       |       |    35 ||    35

Levels and vault maps discovered:
D:1:      mrwooster_arrival_statue_3, layout_rooms
D:2:      layout_loops_ring, basic_altar, serial_shops,
          nicolae_shop_advertising_works [nicolae_subvault_shop_adworks],
          minmay_fractal_squares_5
D:3:      kennysheep_goblin_castle, layout_basic, serial_bayou_pond_d,
          uniq_grinder, uniq_ijyb, uniq_robin
D:4:      layout_basic, mainiacjoe_overflow_boulevard,
          nicolae_tso_carved_into_rock, serial_shops, nicolae_shop_hallway_plus
D:5:      layout_loops_cross, nicolae_dithmenos_through_a_glass_darkly,
          minmay_overflow_temple_star_quad, uniq_edmund, uniq_duvessa

Notes
Turn   | Place    | Note
-------+----------+-------------------------------------------
     0 | D:1      | MalarOregon the Palentonga Fighter began the quest for the
                  | Orb.
     0 | D:1      | Reached XP level 1. HP: 19/19 MP: 1/1
   112 | D:1      | Reached XP level 2. HP: 21/25 MP: 2/2
   146 | D:1      | HP: 6/24 [hobgoblin (3)]
   150 | D:1      | HP: 2/24 [bat (1)]
   624 | D:1      | Reached XP level 3. HP: 31/31 MP: 3/3
   990 | D:2      | Found Appae's Armour Shoppe.
  1214 | D:2      | Reached XP level 4. HP: 37/37 MP: 4/4
  1218 | D:2      | Found a radiant altar of Vehumet.
  1294 | D:2      | Reached skill level 3 in Shields
  1299 | D:2      | You pick up a book of the Hunter and begin reading...
  1299 | D:2      | You add the spells Call Canine Familiar, Portal Projectile
                  | and Leda's Liquefaction to your library.
  1355 | D:2      | Reached skill level 3 in Armour
  1831 | D:3      | Noticed Ijyb
  2028 | D:3      | Killed Ijyb
  2029 | D:3      | Reached skill level 3 in Maces & Flails
  2089 | D:3      | Reached XP level 5. HP: 35/44 MP: 5/5
  2453 | D:3      | Noticed Robin
  2748 | D:3      | Noticed Grinder
  2752 | D:3      | Paralysed by Grinder for 6 turns
  2769 | D:3      | Killed Grinder
  2770 | D:3      | Reached skill level 4 in Fighting
  2770 | D:3      | Reached XP level 6. HP: 42/52 MP: 6/6
  3023 | D:3      | Killed Robin
  3347 | D:4      | Found a glowing golden altar of the Shining One.
  3353 | D:4      | Became a worshipper of the Shining One
  3422 | D:4      | You add the spells Statue Form and Lehudib's Crystal Spear
                  | to your library.
  3422 | D:4      | Got Roxanne's Guide on the Rocks
  3577 | D:4      | Found a hide-covered altar of Uskayaw.
  3582 | D:4      | HP: 10/52 [orc/+0 war axe (5)]
  3584 | D:4      | Reached skill level 4 in Maces & Flails
  3590 | D:4      | Gained mutation: You curl defensively after being hit. (AC
                  | +7*) [Palentonga growth]
  3590 | D:4      | Reached XP level 7. HP: 16/58 MP: 7/7
  3591 | D:4      | HP: 10/58 [orc/+0 hand axe (6)]
  3841 | D:4      | You pick up a book of Burglary and begin reading...
  3841 | D:4      | You add the spells Passwall, Ensorcelled Hibernation and
                  | Swiftness to your library.
  3926 | D:4      | Found Qanut's Armour Emporium.
  3952 | D:4      | Reached skill level 4 in Armour
  3952 | D:4      | Reached skill level 4 in Shields
  4308 | D:5      | Entered Level 5 of the Dungeon
  4317 | D:5      | Reached skill level 5 in Fighting
  4587 | D:5      | Noticed Edmund
  4598 | D:5      | HP: 14/59 [Edmund/+2 flail of holy wrath (11)]
  4601 | D:5      | Killed Edmund
  4847 | D:5      | Reached * piety under the Shining One
  4974 | D:5      | Identified a +1 robe of the Archmagi
  4974 | D:5      | Noticed Dowan
  4979 | D:5      | Noticed Duvessa
  4982 | D:5      | Killed Dowan
  5265 | D:5      | Found a shadowy altar of Dithmenos.
  5345 | D:5      | Identified the +2 pair of gloves "Edde Cyo" {rElec Regen+}
  5403 | D:5      | Found a hazy altar of Hepliaklqana.
  5408 | D:5      | Found an ornate altar of the Wu Jian Council.
  5414 | D:5      | Found a shimmering altar of Xom.
  5502 | D:5      | Reached XP level 8. HP: 42/67 MP: 8/8
  5536 | D:5      | Reached skill level 5 in Maces & Flails
  5723 | D:5      | Found a shadowy altar of Dithmenos.
  6030 | D:5      | HP: 16/68 [Duvessa/+0 short sword (5)]
  6031 | D:5      | HP: 5/68 [Duvessa/+0 short sword (12)]
  6032 | D:5      | Slain by Duvessa

Vanquished Creatures
  Grinder (D:3)
  Edmund (D:5)
  2 ogres (D:5)
  A phantom (D:4)
  A scorpion (D:4)
  A wyvern skeleton (D:5)
  Dowan (D:5)
  3 orc priests
  A jelly (D:4)
  An iguana (D:5)
  2 orc wizards (D:5)
  Ijyb (D:3)
  A hound zombie (D:5)
  Robin (D:3)
  9 adders
  An ufetubus (D:5)
  A worm (D:3)
  4 dart slugs
  9 orcs
  10 ball pythons
  9 endoplasms
  6 giant cockroaches
  20 goblins
  10 hobgoblins
  9 jackals
  4 quokkas
  11 bats
  4 frilled lizards
  5 kobolds
  6 rats (D:1)
136 creatures vanquished.

Vanquished Creatures (others)
  A goblin (D:3)
1 creature vanquished.

Grand Total: 137 creatures vanquished

Table legend:
 A = Non-vault XP
 B = Vault XP
 C = Vault XP percentage of total XP
 D = Non-vault monster count
 E = Vault monster count
 F = Vault count percentage of total count
                 A         B        C        D         E       F
            +---------+---------+-------+---------+---------+-------
      Total |    1066 |     607 |  36.3 |     102 |      34 |  25.0
            +---------+---------+-------+---------+---------+-------
        D:1 |      58 |       0 |   0.0 |      33 |       0 |   0.0
        D:2 |      58 |      28 |  32.6 |      20 |      10 |  33.3
        D:3 |      64 |     356 |  84.8 |      14 |      22 |  61.1
        D:4 |     310 |       0 |   0.0 |      16 |       0 |   0.0
        D:5 |     576 |     223 |  27.9 |      19 |       2 |   9.5
            +---------+---------+-------+---------+---------+-------

Illustrated notes

Table legend:
 A = Kills in this place as a percentage of kills in entire the game.
 B = Kills by you in this place as a percentage of kills by you in the entire game.
 C = Kills by friends in this place as a percentage of kills by friends in the entire game.
 D = Other kills in this place as a percentage of other kills in the entire game.
 E = Experience gained in this place as a percentage of experience gained in the entire game.
 F = Experience gained in this place divided by the number of levels of this place that you have seen.
                   A       B       C       D       E      F
               +-------+-------+-------+-------+-------+----------------------
         Total | 100.0 | 100.0 |   N/A |   N/A | 100.0 | 334.6
       Dungeon | 100.0 | 100.0 |   N/A |   N/A | 100.0 | 334.6
               +-------+-------+-------+-------+-------+----------------------

Table legend: (Time is in decaauts)
 A = Elapsed time spent in this place.
 B = Non-inter-level travel time spent in this place.
 C = Inter-level travel time spent in this place.
 D = Time resting spent in this place.
 E = Time spent auto-exploring this place.
 F = Levels seen in this place.
 G = Mean time per level.
                   A        B        C        D        E       F      G
               +--------+--------+--------+--------+--------+-----+--------+
         Total |   6155 |   5978 |    177 |   1013 |   3860 |   5 | 1231.0 |
       Dungeon |   6155 |   5978 |    177 |   1013 |   3860 |   5 | 1231.0 |
               +--------+--------+--------+--------+--------+-----+--------+

Top non-repeatable levels by time:
     D:5: 1746 daAuts
     D:3: 1294 daAuts
     D:4: 1073 daAuts
     D:2: 1053 daAuts
     D:1: 987 daAuts
